 Dungeon Crawl Stone Soup version 0.29.1-13-g9f3cf754e1 (webtiles) character file.

Game seed: 4245207494099270606

581 croobank the Ducker (level 7, -1/32 HPs)
             Began as a Felid Transmuter on Jan 26, 2023.
             Slain by an iguana (11 damage)
             ... on level 6 of the Dungeon.
             The game lasted 00:56:35 (6731 turns).

croobank the Ducker (Felid Transmuter)              Turns: 6731, Time: 00:56:35

Health: -1/32      AC:  2    Str:  6    XL:     7   Next: 13%
Magic:  0/14       EV: 20    Int: 17    God:
Gold:   252        SH:  0    Dex: 16    Spells: 7/14 levels left
                                        Lives:  0   Deaths: 2

rFire   . . .      SeeInvis +     - Unarmed
rCold   . . .      Faith    .   (shield unavailable)
rNeg    . . .      Spirit   +   (body armour unavailable)
rPois   .          Reflect  .   (helmet unavailable)
rElec   .          Harm     .   (cloak unavailable)
rCorr   .          Rampage  .   (gloves unavailable)
Will    +....                   (boots unavailable)
Stlth   +.........              k - amulet of guardian spirit
HPRegen 0.10/turn               (no ring)
MPRegen 0.14/turn               (no ring)

@: appendages, quick
A: horns 2, very small, claws 1, fangs 3, see invisible, speed 1, shaggy fur 2,
stealthy paws, no weapons or thrown items, no armour, multi-lived
a: End Transformation


You were on level 6 of the Dungeon.
You had temporarily grown beastly horns.
You visited 1 branch of the dungeon, and saw 6 of its levels.

You collected 252 gold pieces.

Inventory:

Jewellery
 k - an amulet of guardian spirit (around neck)
Scrolls
 a - a scroll of identify
 d - a scroll of amnesia
 f - a scroll of noise
Potions
 g - 2 potions of brilliance
 i - 2 potions of mutation
 s - a potion of magic


   Skills:
 + Level 4.0 Fighting
 + Level 5.9 Dodging
 + Level 5.0 Unarmed Combat
 + Level 4.2 Spellcasting
 * Level 2.2 Summonings
 + Level 4.9 Transmutations
 + Level 1.1 Poison Magic


You had 7 spell levels left.
You knew the following spells:

 Your Spells              Type           Power      Damage    Failure   Level
a - Beastly Appendage     Tmut           40%        N/A       1%          1
b - Wereblood             Tmut           20%        N/A       3%          2
c - Spider Form           Tmut/Pois      13%        N/A       13%         3
d - Foxfire               Conj/Fire      12%        2x1d4     16%         1

Your spell library contained the following spells:

 Spells                   Type           Power      Damage    Failure   Level
 Summon Small Mammal      Summ           44%        N/A       6%          1
 Call Canine Familiar     Summ           11%        N/A       19%         3
 Summon Guardian Golem    Hex/Summ       7%         N/A       28%         3
 Conjure Flame            Conj/Fire      3%         6-21      43%         3
 Frozen Ramparts          Ice            6%         1d1       43%         3
 Gell's Gravitas          Tloc           3%         N/A       43%         3
 Inner Flame              Hex/Fire       3%         N/A       43%         3
 Lesser Beckoning         Tloc           3%         N/A       43%         3
 Teleport Other           Tloc           3%         N/A       43%         3
 Ice Form                 Ice/Tmut       11%        N/A       50%         4
 Summon Ice Beast         Ice/Summ       7%         N/A       67%         4
 Animate Dead             Necr           3%         N/A       83%         4
 Flame Wave               Conj/Fire      3%         2d5       83%         4
 Haunt                    Necr/Summ      3%         N/A       100%        7
 Infestation              Necr           1%         N/A       100%        8


Dungeon Overview and Level Annotations

Branches:
Dungeon (6/15)
 Temple: D:4-7

Altars:
Cheibriados
Dithmenos
Fedhas
Hepliaklqana
Makhleb
Vehumet
Wu Jian
Zin

Annotations:
D:5 Eustachio
D:6 Prince Ribbit


Innate Abilities, Weirdness & Mutations

You have temporarily grown beastly horns.
You have sharp claws.
You have razor-sharp teeth.
You have supernaturally acute eyesight. (SInv)
You cover ground quickly. (Speed+)
You are covered in thick fur. (AC +2)
Your paws help you pounce on unaware monsters.
You are incapable of wielding weapons or throwing items.
You cannot wear armour.
You gain extra lives every three experience levels.


Message History

You claw the ogre! You headbutt the ogre.
You kill the ogre!
The foxfire hits Prince Ribbit.
Prince Ribbit is lightly wounded.
The foxfire hits Prince Ribbit.
Prince Ribbit is lightly wounded.
Prince Ribbit barely misses you. x2
Your Poison Magic skill increases to level 1!
Welcome back to level 7!
Casting: Foxfire (safe; 16% risk of failure)
Confirm with . or Enter, or press ? or * to list all spells.
You conjure some foxfire!
Prince Ribbit lets out a mournful croak.
Prince Ribbit misses you. The jelly barely misses you.
You scratch the jelly.
Your paws burn!
You claw the jelly! You bite the jelly.
The jelly is severely wounded.
The foxfire hits Prince Ribbit.
Prince Ribbit is moderately wounded.
The foxfire hits Prince Ribbit.
Prince Ribbit is moderately wounded.
Prince Ribbit barely misses you. The jelly hits you.
You are splashed with acid.
Okay, then.
Okay, then.
Prince Ribbit closely misses you. The jelly hits you.
You are splashed with acid!
* * * LOW HITPOINT WARNING * * *
Prince Ribbit barely misses you.
You climb downwards.
You hear the hiss of flowing sand.
There is an entrance to an ossuary on this level.
Hurry and find it before the portal is buried!
Found 5 stones and a fuming purple potion.
Found a stone staircase leading down.
There is a stone staircase leading up here.
The orc shouts!
You hear a shout!
Prince Ribbit blinks!
An iguana comes into view.
The iguana hisses angrily.
The iguana bites you!
You die...

#..J###.#
....
##..## #..
.. #..##
#.. #o##
+... #.J##
... ##..##
#...##
#....##
##.#l@#
#......#
###.......
#######..#
..


You could see an iguana, a jelly and an orc.

Vanquished Creatures
  Grinder (D:4)
  A shadow (D:5)
  Menkaure (D:4)
  3 ogres
  Blork the orc (D:4)
  A scorpion (D:4)
  A hound (D:4)
  Natasha (D:3)
  Ijyb (D:3)
  An orc wizard (D:3)
  4 gnolls
  5 adders
  4 worms
  4 dart slugs
  8 orcs
  3 endoplasms
  3 giant cockroaches
  8 goblins
  5 hobgoblins
  7 jackals
  9 kobolds
  A quokka (D:2)
  6 ball pythons
  4 bats
  4 frilled lizards
  8 rats
95 creatures vanquished.

Vanquished Creatures (others)
  10 foxfires (D:5)
  A plant (D:3)
11 creatures vanquished.

Grand Total: 106 creatures vanquished

Notes
Turn   | Place    | Note
-------+----------+-------------------------------------------
     0 | D:1      | croobank the Felid Transmuter began the quest for the Orb.
     0 | D:1      | Reached XP level 1. HP: 9/9 MP: 4/4
   121 | D:1      | Found a faded altar of an unknown god.
   472 | D:1      | Reached XP level 2. HP: 12/12 MP: 4/6
   475 | D:1      | Learned a level 2 spell: Wereblood
  1067 | D:2      | Found a burning altar of Makhleb.
  1090 | D:2      | Reached XP level 3. HP: 11/15 MP: 4/7
  2447 | D:2      | Reached XP level 4. HP: 19/19 MP: 5/8
  4095 | D:3      | Reached XP level 5. HP: 10/22 MP: 4/10
  4333 | D:3      | Noticed Ijyb
  4338 | D:3      | Killed Ijyb
  4431 | D:3      | Noticed Natasha
  4437 | D:3      | Killed Natasha
  4682 | D:3      | Found a hazy altar of Hepliaklqana.
  4687 | D:3      | Found an ornate altar of the Wu Jian Council.
  4688 | D:3      | Found a radiant altar of Vehumet.
  4789 | D:4      | Noticed Grinder
  4964 | D:4      | Found a glowing silver altar of Zin.
  4979 | D:4      | Noticed Blork the orc
  4985 | D:4      | Killed Blork the orc
  4986 | D:4      | Gained mutation: You are covered in thick fur. (AC +2)
                  | [Felid growth]
  4986 | D:4      | Reached XP level 6. HP: 21/27 MP: 6/11
  4994 | D:4      | Noticed Duvessa
  5034 | D:4      | Killed Grinder
  5035 | D:4      | Reached skill level 5 in Dodging
  5058 | D:4      | Reached XP level 7. HP: 23/31 MP: 4/13
  5059 | D:4      | Noticed Menkaure
  5061 | D:4      | Killed Menkaure
  5346 | D:4      | Found a shadowy altar of Dithmenos.
  5363 | D:4      | Noticed Dowan
  5381 | D:4      | Slain by Duvessa
  5382 | D:4      | Reached XP level 6. HP: 0/28 MP: 0/12
  5425 | D:5      | Entered Level 5 of the Dungeon
  5425 | D:5      | Noticed Eustachio
  5556 | D:4      | Noticed Dowan
  5556 | D:4      | Dowan changed into Dowan the kobold
  5561 | D:4      | Killed Dowan the kobold
  5622 | D:4      | Found a blossoming altar of Fedhas.
  5622 | D:4      | Found a burning altar of Makhleb.
  5629 | D:4      | Found a faded altar of an unknown god.
  5633 | D:4      | Found a faded altar of an unknown god.
  5634 | D:4      | Found a snail-covered altar of Cheibriados.
  5834 | D:4      | Learned a level 3 spell: Spider Form
  6009 | D:5      | Reached skill level 1 in Summonings
  6013 | D:4      | HP: 1/28 [Duvessa/+0 rapier (11)]
  6026 | D:5      | Noticed a shadow
  6042 | D:5      | Slain by a gnoll
  6043 | D:5      | Reached XP level 5. HP: -2/25 MP: 0/12
  6274 | D:4      | Reached XP level 6. HP: 6/28 MP: 8/13
  6292 | D:4      | Noticed Duvessa
  6292 | D:4      | Duvessa changed into Duvessa the hound
  6296 | D:4      | Killed Duvessa the hound
  6580 | D:5      | Killed a shadow
  6581 | D:5      | Reached skill level 5 in Unarmed Combat
  6592 | D:5      | Learned a level 1 spell: Foxfire
  6700 | D:5      | Noticed Prince Ribbit
  6713 | D:5      | Reached skill level 1 in Poison Magic
  6713 | D:5      | Reached XP level 7. HP: 23/32 MP: 5/14
  6731 | D:6      | Slain by an iguana

Illustrated notes

Levels and vault maps discovered:
D:1:      dpeg_arrival_fog, layout_loops_ring, ebering_ecumenical_altar_mist
D:2:      layout_basic, basic_altar
D:3:      layout_basic, gammafunk_temple_overflow_forgotten,
          amcnicky_mini_corridor_feature, grunt_ministairs_14, uniq_natasha,
          uniq_ijyb
D:4:      layout_rooms, nicolae_dithmenos_shadow_blocks,
          chequers_temple_overflow_minitemple, zin_scriptorium, minmay_cut_off,
          uniq_grinder, uniq_menkaure, uniq_duvessa, uniq_blork_the_orc
D:5:      layout_basic, uniq_prince_ribbit1, uniq_eustachio
D:6:      minmay_recursive_quarters, layout_cave_pools,
          gammafunk_temple_overflow_claw, minmay_temple_entry_poolview,
          serial_demonic, serial_demonic_d, serial_demonic_b, serial_demonic_c,
          serial_demonic_e, gup_ossuary_entry_pyramid

Skill      XL: |  1  2  3  4  5  6 |
---------------+-------------------+-----
Dodging        | 3 4 5 |  5.9
Fighting       | 2 4 |  4.0
Transmutations | 3 4 |  4.9
Spellcasting   | 3 4 |  4.2
Unarmed Combat | 4 5 |  5.0
Summonings     | 2 |  2.2
Poison Magic   | 1 |  1.1

Action                   |  1- 3 |  4- 6 |  7- 9 || total
-------------------------+-------+-------+-------++-------
Melee: Unarmed           |    89 |   180 |     7 ||   276
       Headbutt          |    16 |    29 |       ||    45
       Bite              |    10 |    24 |     2 ||    36
       Punch             |     4 |     5 |     1 ||    10
 Cast: Beastly Appendage |    24 |    32 |     1 ||    57
       Wereblood         |    14 |    25 |     1 ||    40
       Foxfire           |       |     4 |     1 ||     5
Evoke: Wand              |       |    16 |     7 ||    23
  Use: Potion            |     1 |     4 |     1 ||     6
       Scroll            |       |    19 |     2 ||    21
 Stab: Sleeping          |     4 |       |       ||     4
Armor: Skin              |    12 |     7 |       ||    19
Dodge: Dodged            |    74 |   192 |    10 ||   276
